 Seeded DCSS version 0.30.0-29-ga12c61a403 (webtiles) character file.

Game seed: 4915399292795692086 (custom seed)

329334 OTABOTABOTAB the Impassioned (level 21, -11/96 (120) HPs)
             Began as a Vine Stalker Fighter on June 24, 2023.
             Was the Champion of Uskayaw.
             Killed from afar by a halazid warlock (44 damage)
             ... with a ghostly fireball
             ... in the Desolation of Salt.
             The game lasted 01:26:39 (36577 turns).

OTABOTABOTAB the Impassioned (VSFi)                Turns: 36577, Time: 01:26:39

HP:   -11/96 (120)  AC: 35    Str: 27    XL:     21   Next: 71%
MP:   0/34          EV: 15    Int:  8    God:    Uskayaw [******]
Gold: 2355          SH:  0    Dex: 17    Spells: 20/20 levels left

rFire   + + .        j - +12 pair of quick blades "Gyre" and "Gimble" {protect}
rCold   + . .        (shield currently unavailable)
rNeg    . . .        K - +2 plate armour {rF+}
rPois   .            t - +1 helmet {SInv}
rElec   +            n - +0 cloak
rCorr   .            h - +2 pair of gloves
SInv    +            N - +0 pair of boots
Will    +++..        b - amulet of regeneration Stlth
                     W - ring "Lerext" {rElec rF+ Will+ Slay+2}
HPRegen 1.96/turn    C - ring of protection from cold {rC+, !d}
MPRegen 0.24/turn

%: guardian spirit
@: under a protective aura, heavily drained
A: fangs 3, regeneration 1, magic shield, antimagic bite, no potion heal 2
}: 2/15 runes: serpentine, barnacled
a: Renounce Religion, Stomp, Line Pass, Grand Finale


You were in the Desolation of Salt.
You worshipped Uskayaw.
Uskayaw was most pleased with you.
You visited 8 branches of the dungeon, and saw 36 of its levels.
You also visited: Ice Cave, Volcano and Desolation.

You collected 5029 gold pieces.
You spent 2674 gold pieces at shops.

Inventory:

Hand Weapons
 j - the +12 pair of quick blades "Gyre" and "Gimble" (weapon) {protect}
   (You bought it in a shop on level 2 of the Dungeon)
Armour
 h - a +2 pair of gloves (worn)
   (You found it on level 1 of the Dungeon)
 n - a +0 cloak (worn)
   (You took it off Crazy Yiuf on level 7 of the Dungeon)
 t - a +1 helmet of see invisible (worn)
   (You found it in an ice cave)
 F - a +2 helmet
   (You found it on level 1 of the Vaults)
 K - a +2 plate armour of fire resistance (worn)
   (You found it in a volcano)
 N - a +0 pair of boots (worn)
   (You found it on level 12 of the Dungeon)
Jewellery
 b - an amulet of regeneration (around neck)
   (You found it on level 4 of the Lair of Beasts)
 f - the ring of Awixzijey {rCorr Int+3}
   (You found it on level 3 of the Elven Halls)

   [ring of resist corrosion]

   Int:       It affects your intelligence (+3).
   rCorr:     It protects you from acid and corrosion.
 z - a ring of flight {+Fly, !d}
   (You took it off a deep elf death mage on level 3 of the Elven Halls)
 A - a ring of protection from cold {rC+, !d}
   (You found it on level 3 of the Elven Halls)
 C - a ring of protection from cold (right hand) {rC+, !d}
   (You bought it in a shop on level 10 of the Dungeon)
 I - a ring of poison resistance {rPois, !d}
   (You took it off a deep elf annihilator on level 3 of the Elven Halls)
 Q - the ring "Vyadatri" {rF+ rCorr}
   (You took it off a deep elf zephyrmancer on level 3 of the Elven Halls)

   [ring of protection from fire]

   rF:        It protects you from fire.
   rCorr:     It protects you from acid and corrosion.
 V - a ring of see invisible {sInv, !d}
   (You found it on level 3 of the Elven Halls)
 W - the ring "Lerext" (left hand) {rElec rF+ Will+ Slay+2}
   (You took it off a deep elf death mage on level 3 of the Elven Halls)

   [ring of protection from fire]

   Slay:      It affects your accuracy & damage with ranged weapons and melee
   (+2).
   rF:        It protects you from fire.
   rElec:     It insulates you from electricity.
   Will:      It increases your willpower.
Wands
 d - a wand of digging (8)
   (You took it off a gnoll on level 7 of the Dungeon)
 i - a wand of iceblast (24)
   (You found it on level 3 of the Lair of Beasts)
 p - a wand of paralysis (27)
   (You found it on level 6 of the Dungeon)
 q - a wand of flame (30)
   (You found it on level 3 of the Elven Halls)
 u - a wand of quicksilver (14)
   (You found it on level 5 of the Dungeon)
 y - a wand of mindburst (40)
   (You found it on level 2 of the Lair of Beasts)
Scrolls
 a - 4 scrolls of poison {!r}
 c - 6 scrolls of enchant armour
 l - 5 scrolls of amnesia
 o - 5 scrolls of fog
 r - 13 scrolls of identify {@r1}
 s - 2 scrolls of brand weapon
 x - 2 scrolls of enchant weapon
 D - 3 scrolls of blinking {!r}
 E - 4 scrolls of fear
 O - a scroll of silence
 S - 2 scrolls of summoning
 X - a scroll of magic mapping {@r4!r}
 Y - 21 scrolls of teleportation {@r3}
Potions
 e - 8 potions of cancellation
 k - 5 potions of attraction {!q}
 m - 4 potions of magic
 B - 6 potions of brilliance
 G - 4 potions of ambrosia {!q}
 H - 5 potions of haste
 J - 24 potions of curing {@q1}
 L - 5 potions of flight
 M - 10 potions of might
 P - 9 potions of lignification {!q}
 R - 4 potions of resistance
 T - a potion of berserk rage {!q}
 U - 8 potions of mutation {!q}
 Z - 2 potions of invisibility
Miscellaneous
 g - a tin of tremorstones (2/2)
   (You found it on level 5 of the Lair of Beasts)
 v - a lightning rod (4/4)
   (You found it on level 4 of the Shoals)
 w - a phial of floods
   (You found it on level 1 of the Shoals)


   Skills:
 + Level 16.7 Fighting
 + Level 17.0 Short Blades
 + Level 15.5 Armour
 + Level 14.0 Dodging
 - Level 2.9 Shields
 + Level 17.4 Invocations


You had 20 spell levels left.
You didn't know any spells.
Your spell library contained the following spells:

 Spells                   Type           Power      Damage    Failure   Level
 Apportation              Tloc           0%         N/A       95%         1
 Foxfire                  Conj/Fire      0%         2x1d4     95%         1
 Kiss of Death            Conj/Necr      0%         2d5       95%         1
 Magic Dart               Conj           0%         1d3       95%         1
 Necrotise                Necr           0%         1d4       95%         1
 Shock                    Conj/Air       0%         1d3       95%         1
 Sting                    Tmut/Pois      0%         1d3       95%         1
 Blink                    Tloc           0%         N/A       99%         2
 Cigotuvi's Dreadful Rot  Necr/Pois/Air  0%         N/A       99%         2
 Ensorcelled Hibernation  Hex/Ice        0%         N/A       99%         2
 Lesser Beckoning         Tloc           0%         N/A       99%         2
 Momentum Strike          Conj/Tloc      0%         3d8       99%         2
 Passwall                 Tmut/Erth      0%         N/A       99%         2
 Poisonous Vapours        Pois/Air       0%         N/A       99%         2
 Scorch                   Fire           0%         2d5       99%         2
 Searing Ray              Conj           0%         2d4       99%         2
 Static Discharge         Conj/Air       0%         2-2/arc   99%         2
 Confusing Touch          Hex            0%         N/A       100%        3
 Gell's Gravitas          Tloc           0%         N/A       100%        3
 Ignite Poison            Fire/Tmut/Pois 0%         N/A       100%        3
 Inner Flame              Hex/Fire       0%         N/A       100%        3
 Mephitic Cloud           Conj/Pois/Air  0%         N/A       100%        3
 Portal Projectile        Hex/Tloc       0%         N/A       100%        3
 Spider Form              Tmut/Pois      0%         N/A       100%        3
 Stone Arrow              Conj/Erth      0%         3d7       100%        3
 Swiftness                Air            0%         N/A       100%        3
 Teleport Other           Tloc           0%         N/A       100%        3
 Vampiric Draining        Necr           0%         2d6       100%        3
 Vhi's Electric Charge    Tloc/Air       0%         N/A       100%        3
 Airstrike                Air            0%         2d(0-16)  100%        4
 Anguish                  Hex/Necr       0%         N/A       100%        4
 Animate Armour           Summ/Erth      0%         N/A       100%        4
 Dispel Undead            Necr           0%         3d6       100%        4
 Flame Wave               Conj/Fire      0%         2d4       100%        4
 Fulminant Prism          Conj/Hex       0%         3d5       100%        4
 Leda's Liquefaction      Hex/Erth       0%         N/A       100%        4
 Petrify                  Tmut/Erth      0%         N/A       100%        4
 Sticky Flame             Conj/Fire      0%         2d3       100%        4
 Agony                    Necr           0%         N/A       100%        5
 Alistair's Intoxication  Tmut/Pois      0%         N/A       100%        5
 Arcjolt                  Conj/Air       0%         1d10      100%        5
 Freezing Cloud           Conj/Ice/Air   0%         6-21      100%        5
 Iskenderun's Battlesphe  Conj           0%         2d6       100%        5
 Metabolic Englaciation   Hex/Ice        0%         N/A       100%        5
 Summon Forest            Summ/Tloc      0%         N/A       100%        5
 Summon Mana Viper        Hex/Summ       0%         N/A       100%        5
 Yara's Violent Unravell  Hex/Tmut       0%         3d3       100%        5
 Conjure Ball Lightning   Conj/Air       0%         3x3d6     100%        6
 Death Channel            Necr           0%         N/A       100%        6
 Iron Shot                Conj/Erth      0%         9d1       100%        6
 Statue Form              Tmut/Erth      0%         N/A       100%        6
 Summon Cactus Giant      Summ           0%         N/A       100%        6
 Enfeeble                 Hex            0%         N/A       100%        7
 Malign Gateway           Summ/Tloc      0%         N/A       100%        7
 Spellforged Servitor     Conj/Summ      0%         N/A       100%        7
 Borgnjor's Revivificati  Necr           0%         N/A       100%        8
 Discord                  Hex            0%         N/A       100%        8
 Lehudib's Crystal Spear  Conj/Erth      0%         10d2      100%        8
 Maxwell's Capacitive Co  Air            0%         ∞         100%        8
 Necromutation            Tmut/Necr      0%         N/A       100%        8
 Death's Door             Necr           0%         N/A       100%        9


Dungeon Overview and Level Annotations

Branches:
Dungeon (15/15)            Temple (1/1) D:5            Lair (5/5) D:10
 Shoals (4/4) Lair:2        Snake (4/4) Lair:3        Slime (0/5) Lair:5
    Orc (2/2) D:11            Elf (3/3) Orc:2        Vaults (2/5) D:13
 Depths (0/4) D:15          IceCv (visited)         Volcano (visited)
Desolation (1/1)
  Crypt: Vaults:2-3

Altars:
Ashenzari
Cheibriados
Fedhas
Gozag
Makhleb
Nemelex Xobeh
Okawaru
Qazlal
Ru
Sif Muna
Trog
Uskayaw
Wu Jian
Xom
Yredelemnul
Zin
The Shining One
Jiyva

Shops:
D:2 (   D:4 ?   D:7 *((   D:10 =   D:14 :   Orc:2 [:(?   Elf:2 [   Elf:3 =
Shoals:3 (   Shoals:4 =[(*   Snake:3 :=:

Portals:
Trove: D:15 (give +5 demon whip)

Annotations:
D:8 1 runed translucent door, Gadrel's ghost, novice DECA


Innate Abilities, Weirdness & Mutations

You have razor-sharp teeth.
Your natural rate of healing is unusually fast.
When hurt, damage is shared between your health and your magic reserves.
Your bite disrupts and absorbs the magic of your enemies.
Potions cannot restore your health.


Message History

The saltling hits you but does no damage. x2
The halazid warlock points at you and mumbles some strange words.
The bolt of negative energy hits the saltling.
The saltling completely resists.
The bolt of negative energy hits you!!
You feel drained. The saltling closely misses you.
You take 19 damage, and have 73/113 hp.
You now have 19/34 mp.
You closely miss the imperial myrmidon. You bite the imperial myrmidon!
The imperial myrmidon's magic leaks into the air.
You drain its magic.
You feel invigorated.
You hit the imperial myrmidon.
You regained 5 mp, and now have 24/34 mp.
You hit the imperial myrmidon. Your bite misses the imperial myrmidon.
You puncture the imperial myrmidon!
The imperial myrmidon hits you but does no damage.
The saltling closely misses you.
You puncture the imperial myrmidon! Your bite misses the imperial myrmidon.
You hit the imperial myrmidon. The saltling hits you!
You take 13 damage, and have 61/113 hp.
You now have 20/34 mp.
You are too injured to fight recklessly!
You are too injured to fight recklessly!
Unknown command.
You are too injured to fight recklessly!
You completely miss the imperial myrmidon.
Your bite misses the imperial myrmidon. You hit the imperial myrmidon.
You puncture the imperial myrmidon! You bite the imperial myrmidon!
You kill the imperial myrmidon!
The saltling closely misses you.
The saltling hits you but does no damage.
You puncture the saltling!
You bite the saltling, but do no damage.
You hit the saltling. You hit the saltling but do no damage.
You bite the saltling. You drain its power.
You feel invigorated.
You hit the saltling.
The servant of whispers prays to its god.
The air becomes perfectly still.
You regained 3 mp, and now have 23/34 mp.
You puncture the saltling!
You destroy the saltling!
The peacekeeper hurls a volley of spikes at you.
The volley of spikes misses you. The saltling misses you.
Uskayaw prepares the audience for your solo!
You stomp with the beat, sending a shockwave through the revellers around you!
The peacekeeper no longer looks unusually strong.
You regained 2 hp, and now have 66/114 hp.
You now have 21/34 mp.
The helpless saltling fails to defend itself.
You skewer the saltling like a kebab!!!
You destroy the saltling!
The saltling dissolves into shadows!
The saltling no longer looks unusually strong.
The halazid warlock is no longer paralysed.
The saltling is no longer paralysed.
The halazid warlock touches you but does no damage.
You regained 2 hp, and now have 69/114 hp.
You hit the halazid warlock. Your bite misses the halazid warlock.
You hit the halazid warlock.
The saltling is no longer paralysed. x2
The halazid warlock is no longer sharing its pain.
The saltling barely misses you.
The halazid warlock touches you but does no damage.
The saltling hits you but does no damage.
The helpless peacekeeper fails to defend itself.
You stick the peacekeeper like a pincushion!!!
You bite the peacekeeper, but do no damage.
The helpless peacekeeper fails to defend itself.
You perforate the peacekeeper like a sieve!!!
You destroy the peacekeeper!
The helpless saltling fails to defend itself.
You perforate the saltling like a sieve!!!!
You destroy the saltling!
The saltling closely misses you.
The saltling hits you but does no damage.
You puncture the saltling!
You bite the saltling, but do no damage.
You puncture the saltling!
You destroy the saltling!
The halazid warlock points at the saltling and mumbles some strange words.
The saltling's animating energy erupts into ghostly fire!
The ghostly flame explodes!
The ghostly fireball engulfs you!!!
You feel drained.
* * * LOW HITPOINT WARNING * * *
The ghostly fireball engulfs the saltling.
The saltling completely resists.
You hear a shout!
You take 40 damage, and have 31/105 hp.
MASSIVE DAMAGE!!
You now have 9/34 mp.
You puncture the halazid warlock! Your bite misses the halazid warlock.
You hit the halazid warlock.
The servant of whispers is no longer paralysed.
The saltling is no longer paralysed.
You puncture the halazid warlock!
You completely miss the halazid warlock.
The saltling hits you but does no damage.
You closely miss the halazid warlock. Your bite misses the halazid warlock.
You barely miss the halazid warlock.
The halazid warlock casts a spell at the saltling.
The saltling's animating energy erupts into ghostly fire!
The ghostly flame explodes!
The ghostly fireball engulfs you!!!
You feel drained.
You die...

...........#..
..#.............
................
.......#.........
.................#
..............9.#
.............a..#
............)@L..#
...............)#...=)
..................# |..
........#.........## .
........#............#
...................8.#
.....................#
.......................
.......).......#.......


You could see a servant of whispers (summoned, stilling wind), a halazid warlock
and a saltling (summoned).

Vanquished Creatures
  Mara (Shoals:4)
  Bai Suzhen (Shoals:4)
  Nikola (Shoals:1)
  Jorgrun (Snake:1)
  2 deep elf master archers (Elf:3)
  7 krakens
  3 deep elf blademasters
  A sphinx (Vaults:1)
  Polyphemus (Shoals:2)
  Kirke (Shoals:4)
  Donald (Vaults:1)
  5 nagarajas
  Ilsuiw (Shoals:2)
  An imperial myrmidon (Desolation)
  4 deep elf sorcerers
  5 deep elf elementalists
  A reaper (IceCv)
  A war gargoyle (Vaults:1)
  3 ironbound preservers (Vaults:1)
  4 ironbound thunderhulks (Vaults:1)
  A caustic shrike skeleton (D:15)
  8 deep elf demonologists
  2 eleionomae (Shoals:1)
  8 deep elf annihilators (Elf:3)
  13 dire elephants
  10 deep elf death magi (Elf:3)
  13 merfolk impalers
  A fire dragon (Volcano)
  5 merfolk javelineers
  2 ragged hierophants (Desolation)
  5 deep elf high priests (Elf:3)
  A salamander tyrant (Snake:3)
  2 yaktaur captains
  2 servants of whispers
  An ice dragon (Lair:4)
  3 peacekeepers
  7 vault guards
  2 ogre magi (D:15)
  5 hydras
  3 ironbound frosthearts
  10 anacondas
  An alligator snapping turtle (Shoals:4)
  4 merfolk avatars
  5 satyrs
  17 death yaks
  4 merfolk aquamancers
  7 centaur warriors
  6 boulder beetles
  2 catoblepae
  11 two-headed ogres
  27 dancing weapons
  12 naga warriors
  A deep troll shaman (Lair:5)
  12 naga sharpshooters
  4 orc high priests (Orc:2)
  7 shock serpents
  16 deep elf knights
  4 salamander mystics
  5 deep trolls (Vaults:1)
  Amaemon (Lair:1)
  A spark wasp zombie (D:15)
  2 skeletal warriors (D:15)
  6 skysharks
  17 sea snakes
  An orange crystal statue (Vaults:1)
  4 wizards
  7 orc knights
  9 ironbound convokers
  5 naga ritualists
  A phantasmal warrior (D:15)
  3 necromancers
  10 deep elf archers
  2 oklob plants (Lair:3)
  13 harpies
  A frost giant zombie (D:15)
  39 deep elf pyromancers
  11 mana vipers
  31 deep elf zephyrmancers
  2 ugly things (D:13)
  13 manticores
  7 orc sorcerers
  5 cyclopes
  14 fauns
  18 salamanders
  12 elephants
  A guardian serpent (Desolation)
  A fire giant skeleton (D:15)
  27 black mambas
  21 naga magi
  2 ice statues (IceCv)
  12 merfolk sirens
  A gargoyle (D:12)
  A molten gargoyle (Desolation)
  16 cane toads
  A torpor snail (Lair:1)
  3 vault sentinels (Vaults:1)
  9 water nymphs
  An orange demon (Lair:1)
  Maggie (D:7)
  3 freezing wraiths
  2 efreet
  2 rime drakes
  20 yaktaurs
  5 ice devils (IceCv)
  13 komodo dragons
  2 anaconda simulacra (IceCv)
  4 trolls
  6 polar bears
  38 merfolk
  24 blink frogs
  A tarantella (shapeshifter) (D:13)
  12 wind drakes
  8 dream sheep
  Grinder (D:6)
  11 saltlings
  15 snapping turtles
  3 air elementals
  19 slime creatures
  A jumping spider (shapeshifter) (D:15)
  A shadow (D:11)
  6 hogs (Shoals:4)
  7 wyverns
  2 fire elementals (Elf:2)
  3 dire elephant simulacra (IceCv)
  2 basilisks
  10 water elementals
  3 vampires
  4 fire bats (Volcano)
  A yak (shapeshifter) (Elf:2)
  36 yaks
  3 wraiths
  18 humans (D:13)
  Grum (D:8)
  A death yak simulacrum (IceCv)
  5 steam dragons
  2 wargs (Orc:1)
  17 vampire mosquitoes
  25 nagas
  4 harpy simulacra (IceCv)
  3 acid dragons
  9 water moccasins
  A hydra simulacrum (IceCv)
  A water moccasin (shapeshifter) (Elf:2)
  6 ice beasts
  3 sky beasts (D:7)
  3 black bears
  26 orc warriors
  18 wolves
  14 ogres
  10 centaurs
  4 phantoms
  10 bullfrogs
  2 gnoll sergeants (D:12)
  A cane toad simulacrum (D:13)
  A scorpion (D:6)
  3 two-headed ogre simulacra
  An elephant simulacrum (IceCv)
  5 killer bees (D:10)
  7 howler monkeys
  3 electric eels
  3 hounds
  A jelly (D:6)
  20 orc priests
  Crazy Yiuf (D:7)
  2 gnoll boudas
  3 sleepcaps
  Jessica (D:3)
  4 iguanas
  21 orc wizards
  A spriggan simulacrum (D:13)
  A polar bear simulacrum (D:13)
  3 troll simulacra
  2 wolf simulacra
  22 gnolls
  6 adders
  A shadow imp (D:7)
  5 white imps
  3 worms
  2 dart slugs
  71 orcs
  5 bats
  11 endoplasms
  4 giant cockroaches (D:1)
  11 goblins
  9 hobgoblins
  3 jackals (D:1)
  4 quokkas
  5 ball pythons
  4 frilled lizards
  8 kobolds
  22 rats
  23 tentacles
1380 creatures vanquished.

Vanquished Creatures (collateral kills)
  A basilisk (Lair:4)
1 creature vanquished.

Vanquished Creatures (others)
  2 deep elf zephyrmancers
  A naga mage (Snake:4)
  A saltling (Desolation)
  A snapping turtle (Shoals:1)
  A human (Shoals:4)
  An orc (Orc:2)
  28 tentacles
35 creatures vanquished.

Grand Total: 1416 creatures vanquished

Notes
Turn   | Place    | Note
-------+----------+-------------------------------------------
     0 | D:1      | OTABOTABOTAB the Vine Stalker Fighter began the quest for
                  | the Orb.
     0 | D:1      | Reached XP level 1. HP: 11/11 MP: 2/2
    31 | D:1      | Reached skill level 2 in Short Blades
    42 | D:1      | Reached XP level 2. HP: 16/16 MP: 3/3
   583 | D:1      | Reached XP level 3. HP: 19/19 MP: 4/4
   794 | D:1      | Reached skill level 3 in Fighting
  1778 | D:2      | Found Itosaroe's Weapon Emporium.
  1893 | D:2      | Gained mutation: Your natural rate of healing is unusually
                  | fast. [Vine Stalker growth]
  1893 | D:2      | Reached XP level 4. HP: 18/24 MP: 5/5
  1950 | D:2      | Identified the +8 short sword of the Beginning {flame,
                  | *Slow rPois rC++ Str+3}
  2269 | D:3      | Noticed Jessica
  2278 | D:3      | Killed Jessica
  2279 | D:3      | Reached skill level 3 in Short Blades
  2298 | D:3      | Identified the +2 long sword of Agony {chaos, Int+3}
  2440 | D:3      | Reached skill level 3 in Armour
  2566 | D:3      | Reached XP level 5. HP: 28/28 MP: 6/6
  2797 | D:3      | Identified the +3 ring mail of the Meadowlark {rC+ SInv}
  2880 | D:3      | Found a snail-covered altar of Cheibriados.
  2892 | D:3      | Found a basalt altar of Yredelemnul.
  3120 | D:4      | Got Pomo's Monograph on the Coward and Direction
  3145 | D:4      | Found The Oracle's Delphic Readings.
  3171 | D:4      | Reached skill level 4 in Short Blades
  3177 | D:4      | Reached XP level 6. HP: 33/33 MP: 7/7
  3456 | D:4      | Reached skill level 4 in Fighting
  3685 | D:5      | Entered Level 5 of the Dungeon
  3715 | D:5      | Reached XP level 7. HP: 37/37 MP: 6/8
  3740 | D:5      | Reached skill level 5 in Short Blades
  3816 | D:5      | Reached skill level 4 in Armour
  3833 | D:5      | Noticed a yak
  3834 | D:5      | Noticed a yak
  3834 | D:5      | Noticed a yak
  3857 | D:5      | Killed a yak
  3874 | D:5      | Killed a yak
  3875 | D:5      | Reached skill level 6 in Short Blades
  3875 | D:5      | Gained mutation: You have razor-sharp teeth. [Vine Stalker
                  | growth]
  3875 | D:5      | Reached XP level 8. HP: 37/42 MP: 7/9
  3889 | D:5      | Killed a yak
  3890 | D:5      | Reached skill level 5 in Fighting
  3893 | D:5      | Noticed a yak
  3910 | D:5      | Killed a yak
  4418 | D:5      | Found a staircase to the Ecumenical Temple.
  4424 | Temple   | Entered the Ecumenical Temple
  4434 | Temple   | Became a worshipper of Uskayaw the Reveller
  4652 | D:5      | Reached * piety under Uskayaw
  4737 | D:5      | Found a bloodstained altar of Trog.
  4746 | D:5      | Reached ** piety under Uskayaw
  4753 | D:5      | Found a sacrificial altar of Ru.
  5010 | D:6      | Reached skill level 1 in Invocations
  5010 | D:6      | Identified a scroll of acquirement
  5010 | D:6      | Acquired 742 gold pieces
  5143 | D:2      | Bought the +12 pair of quick blades "Gyre" and "Gimble"
                  | {protect} for 850 gold pieces
  5143 | D:2      | Found the +12 pair of quick blades "Gyre" and "Gimble"
                  | {protect}
  5320 | D:6      | Found a glowing silver altar of Zin.
  5328 | D:6      | Reached skill level 7 in Short Blades
  5363 | D:6      | Reached skill level 5 in Armour
  5376 | D:6      | Reached *** piety under Uskayaw
  5407 | D:6      | Noticed Grinder
  5415 | D:6      | Killed Grinder
  5416 | D:6      | Reached skill level 2 in Invocations
  5416 | D:6      | Reached XP level 9. HP: 43/48 MP: 8/11
  5419 | D:6      | Reached **** piety under Uskayaw
  6353 | D:7      | Found an iron altar of Okawaru.
  6410 | D:7      | Found a blossoming altar of Fedhas.
  6466 | D:7      | Reached skill level 6 in Fighting
  6466 | D:7      | Found Azialaa's Weapon Emporium.
  6522 | D:7      | Noticed Maggie
  6523 | D:7      | Found Vedier's Assorted Antiques.
  6528 | D:7      | Reached skill level 3 in Invocations
  6535 | D:7      | Killed Maggie
  6536 | D:7      | Reached skill level 8 in Short Blades
  6592 | D:7      | Found Jinu's Antique Weapon Shop.
  6636 | D:7      | Reached skill level 4 in Invocations
  6664 | D:7      | Reached skill level 6 in Armour
  6918 | D:7      | Found a glowing golden altar of the Shining One.
  7004 | D:7      | Found a runed translucent door.
  7005 | D:7      | Noticed Crazy Yiuf
  7271 | D:7      | Killed Crazy Yiuf
  7272 | D:7      | Reached XP level 10. HP: 53/53 MP: 14/14
  7347 | D:8      | Noticed Grum
  7355 | D:8      | Reached skill level 5 in Invocations
  7357 | D:8      | Killed Grum
  7358 | D:8      | Reached skill level 7 in Fighting
  7362 | D:8      | Reached ***** piety under Uskayaw
  7657 | D:8      | Found a runed translucent door.
  7658 | D:8      | Found a shimmering altar of Xom.
  7658 | D:8      | Noticed Gadrel's ghost (novice DECA)
  7660 | D:8      | Noticed a +0 falchion of chaos
  8814 | D:10     | Entered Level 10 of the Dungeon
  8837 | D:10     | Reached skill level 6 in Invocations
  8845 | D:10     | Reached skill level 1 in Dodging
  8857 | D:10     | Reached ****** piety under Uskayaw
  8859 | D:10     | Reached skill level 7 in Armour
  8893 | D:10     | Found a staircase to the Lair.
  8923 | D:10     | Reached skill level 2 in Dodging
  8990 | D:10     | Found Vaojidoi's Jewellery Shoppe.
  9108 | D:10     | Reached XP level 11. HP: 60/60 MP: 16/16
  9114 | D:10     | Reached skill level 8 in Fighting
  9489 | D:11     | Noticed a two-headed ogre
  9496 | D:11     | Killed a two-headed ogre
  9497 | D:11     | Reached skill level 3 in Dodging
  9497 | D:11     | Reached skill level 7 in Invocations
  9915 | D:11     | Found a staircase to the Orcish Mines.
 10424 | D:11     | Noticed a boulder beetle
 10448 | D:11     | Killed a boulder beetle
 10449 | D:11     | Reached skill level 9 in Short Blades
 10745 | Lair:1   | Entered Level 1 of the Lair of Beasts
 10789 | Lair:1   | Noticed a death yak
 10790 | Lair:1   | Noticed a death yak
 10802 | Lair:1   | Killed a death yak
 10803 | Lair:1   | Reached skill level 8 in Armour
 10809 | Lair:1   | Killed a death yak
 10810 | Lair:1   | Reached skill level 4 in Dodging
 10832 | Lair:1   | Noticed Amaemon
 10840 | Lair:1   | Killed Amaemon
 10841 | Lair:1   | Reached skill level 9 in Fighting
 10841 | Lair:1   | Reached skill level 8 in Invocations
 10841 | Lair:1   | Reached XP level 12. HP: 66/66 MP: 16/19
 10926 | Lair:1   | Found a dark tunnel.
 10980 | Volcano  | Entered a volcano
 11081 | Volcano  | Noticed a two-headed ogre
 11087 | Volcano  | Killed a two-headed ogre
 11127 | Volcano  | Reached skill level 5 in Dodging
 11141 | Volcano  | Noticed a two-headed ogre
 11145 | Volcano  | Killed a two-headed ogre
 11180 | Volcano  | Reached skill level 10 in Short Blades
 11205 | Volcano  | Noticed a fire dragon
 11215 | Volcano  | Killed a fire dragon
 11216 | Volcano  | Reached skill level 9 in Invocations
 11572 | Lair:1   | Reached skill level 9 in Armour
 11718 | Lair:1   | Reached XP level 13. HP: 64/72 MP: 17/20
 11722 | Lair:1   | Reached skill level 10 in Fighting
 12178 | Lair:2   | Reached skill level 6 in Dodging
 12744 | Lair:2   | Reached skill level 10 in Invocations
 12777 | Lair:2   | Found a staircase to the Shoals.
 13168 | Lair:3   | Reached skill level 11 in Short Blades
 13289 | Lair:3   | Identified the +1 rapier "Vadok" {heavy, rF+++ rN++ Str+3
                  | Int-3}
 13547 | Lair:3   | Found a blossoming altar of Fedhas.
 13566 | Lair:3   | Reached skill level 7 in Dodging
 13774 | Lair:3   | Reached XP level 14. HP: 77/77 MP: 22/22
 13810 | Lair:3   | Found a staircase to the Snake Pit.
 13964 | Lair:4   | Reached skill level 10 in Armour
 13976 | Lair:4   | Reached skill level 11 in Fighting
 14686 | Lair:4   | Identified the staff of fire "Hufiw" {rF+ Int+4}
 14690 | Lair:4   | Identified the ring of the Ladybird {Wiz rN+}
 14815 | Lair:5   | Entered Level 5 of the Lair of Beasts
 15031 | Lair:5   | Reached skill level 11 in Invocations
 15377 | Lair:5   | Found a staircase to the Slime Pits.
 15506 | Lair:5   | Found a viscous altar of Jiyva.
 15612 | Lair:5   | Reached skill level 8 in Dodging
 15614 | Lair:5   | Noticed a dire elephant
 15635 | Lair:5   | Killed a dire elephant
 15665 | Lair:5   | Identified the +8 mace "Macusem" {freeze, Will+}
 15910 | Orc:1    | Entered Level 1 of the Orcish Mines
 15941 | Orc:1    | Reached skill level 12 in Short Blades
 16108 | Orc:2    | Entered Level 2 of the Orcish Mines
 16250 | Orc:2    | Reached XP level 15. HP: 84/84 MP: 24/24
 16315 | Orc:2    | Found a staircase to the Elven Halls.
 16483 | Orc:2    | Found Kisa Fea's Magic Scroll Boutique.
 16483 | Orc:2    | Found Nasmogg's Armour Shoppe.
 16496 | Orc:2    | Found Netraenk's Antique Weapon Boutique.
 16496 | Orc:2    | Found Usmun's Book Shoppe.
 16647 | Orc:2    | Found a runed translucent door.
 16884 | Orc:2    | Reached skill level 11 in Armour
 16889 | Orc:2    | Reached skill level 12 in Fighting
 16936 | Orc:2    | Identified the +0 dagger of the Tiger {venom, Int+2}
 18195 | D:13     | Reached skill level 12 in Invocations
 18232 | D:13     | Found a frozen archway.
 18299 | IceCv    | Entered an ice cave
 18745 | D:13     | Reached skill level 9 in Dodging
 18913 | D:13     | Found a gate to the Vaults.
 19380 | D:14     | Reached XP level 16. HP: 90/90 MP: 26/26
 19533 | D:14     | Found Wyrak's Self-Improvement Boutique.
 19765 | D:15     | Entered Level 15 of the Dungeon
 19833 | D:15     | Reached skill level 13 in Short Blades
 20023 | D:15     | Reached skill level 13 in Invocations
 20039 | D:15     | Found a staircase to the Depths.
 20530 | D:15     | Found a portal to a secret trove of treasure.
 20891 | Snake:1  | Entered Level 1 of the Snake Pit
 21012 | Snake:1  | Identified the +2 leather armour of the Arena {Rampage
                  | rElec rF- rCorr Str+3}
 21228 | Snake:1  | Reached skill level 13 in Fighting
 21488 | Snake:1  | Reached skill level 12 in Armour
 22013 | Snake:1  | Noticed Jorgrun
 22025 | Snake:1  | Killed Jorgrun
 22026 | Snake:1  | Reached skill level 10 in Dodging
 22488 | Snake:2  | HP: 21/91 [salamander/+0 glaive (4)]
 22493 | Snake:2  | HP: 14/91 [poisoned by a naga mage (splash of poison)]
 22494 | Snake:2  | HP: 6/91 [salamander/+4 halberd (1)]
 22496 | Snake:2  | Reached XP level 17. HP: 7/95 MP: 1/28
 22965 | Snake:3  | Identified the +3 buckler "Nanluar" {Fly rPois rC+ Stlth+}
 23279 | Snake:3  | Got the Incunabulum of Hazy Soot
 23493 | Snake:3  | Found Dyoli's Book Emporium.
 23493 | Snake:3  | Found Voemmyof's Jewellery Shop.
 23494 | Snake:3  | Found Welon's Book Emporium.
 23745 | Snake:4  | Entered Level 4 of the Snake Pit
 24039 | Snake:4  | Reached skill level 14 in Short Blades
 24103 | Snake:4  | Reached skill level 14 in Invocations
 24140 | Snake:4  | HP: 19/96 [naga sharpshooter/arrow (13)]
 24146 | Snake:4  | HP: 17/96 [salamander/+0 halberd (2)]
 24148 | Snake:4  | HP: 7/96 [naga sharpshooter/arrow (4)]
 24256 | Snake:4  | Reached skill level 11 in Dodging
 24282 | Snake:4  | Reached skill level 14 in Fighting
 24288 | Snake:4  | HP: 24/97 [poisoned by a naga warrior (splash of poison)]
 24293 | Snake:4  | HP: 20/97 [poisoned by a naga ritualist (toxic radiance)]
 24298 | Snake:4  | HP: 12/97 [naga mage/+0 club (4)]
 24305 | Snake:4  | HP: 12/97 [poisoned by a naga ritualist (toxic radiance)]
 24310 | Snake:4  | HP: 16/97 [poisoned by a naga ritualist (toxic radiance)]
 24413 | Snake:4  | Got a serpentine rune of Zot
 24527 | Snake:4  | Reached skill level 13 in Armour
 24759 | Shoals:1 | Entered Level 1 of the Shoals
 24927 | Snake:3  | Bought the ring "Eneoqec" {rElec MP+9 Int+2 Dex+6} for 1169
                  | gold pieces
 24927 | Snake:3  | Bought a ring of flight for 280 gold pieces
 25105 | Shoals:1 | Reached XP level 18. HP: 101/102 MP: 29/29
 25216 | Shoals:1 | Noticed Nikola
 25225 | Shoals:1 | Killed Nikola
 25281 | Shoals:1 | Identified the ring of Viss {Ice rPois rN+ Will- Int+2}
 25702 | Shoals:1 | Got the Vellum of the Evil Eye
 26236 | Shoals:2 | Noticed Polyphemus
 26254 | Shoals:2 | Killed Polyphemus
 26402 | Shoals:2 | Noticed Ilsuiw
 26428 | Shoals:2 | Killed Ilsuiw
 26428 | Shoals:2 | HP: 24/102 [merfolk impaler/+1 trident of venom[Ilsuiw]
                  | (4)]
 26433 | Shoals:2 | HP: 21/102 [poisoned by a merfolk impaler]
 26438 | Shoals:2 | HP: 25/102 [poisoned by a merfolk impaler]
 26827 | Shoals:2 | Reached skill level 15 in Invocations
 27192 | Shoals:3 | Reached skill level 15 in Short Blades
 27370 | Shoals:3 | Found Captous's Weapon Shop.
 27812 | Shoals:3 | Reached skill level 12 in Dodging
 28096 | Shoals:3 | Reached XP level 19. HP: 107/107 MP: 31/31
 28252 | Shoals:4 | Entered Level 4 of the Shoals
 28302 | Shoals:4 | HP: 24/107 [merfolk impaler/+3 trident of flaming (6)]
 28307 | Shoals:4 | HP: 15/107 [merfolk impaler/+3 trident of flaming (10)]
 28401 | Shoals:4 | Noticed Mara
 28403 | Shoals:4 | Found Ranontit's Assorted Antiques.
 28415 | Shoals:4 | Killed Mara
 28487 | Shoals:4 | Noticed Bai Suzhen
 28504 | Shoals:4 | Killed Bai Suzhen
 28541 | Shoals:4 | Reached skill level 15 in Fighting
 28572 | Shoals:4 | Found Uqutetao's Armour Shoppe.
 28932 | Shoals:4 | Noticed Kirke
 28941 | Shoals:4 | Killed Kirke
 28947 | Shoals:4 | Identified the ring of Devotion {Fire Drain +Blink Fly
                  | Int+7}
 28979 | Shoals:4 | Reached skill level 14 in Armour
 28983 | Shoals:4 | HP: 21/108 [water nymph/the raging water (15)]
 28988 | Shoals:4 | HP: 21/108 [drowned by a water nymph (6)]
 29045 | Shoals:4 | Found Duaj's Jewellery Emporium.
 29340 | Shoals:4 | Found Utasa's Weapon Emporium.
 29533 | Shoals:4 | HP: 26/108 [merfolk javelineer/silver javelin (7)]
 29541 | Shoals:4 | HP: 25/108 [drowned by a drowned soul[a merfolk avatar]
                  | (5)]
 29551 | Shoals:4 | Got a barnacled rune of Zot
 30056 | Elf:1    | Entered Level 1 of the Elven Halls
 30185 | D:10     | Bought a ring of protection from cold for 375 gold pieces
 30320 | Elf:1    | Paralysed by an air elemental for 1 turns
 31839 | Elf:2    | Reached skill level 16 in Invocations
 31845 | Elf:2    | Paralysed by an air elemental for 1 turns
 31959 | Elf:2    | Found Efogh's Armour Shoppe.
 32035 | Elf:2    | Reached XP level 20. HP: 114/114 MP: 33/33
 32111 | Elf:2    | Found a runed translucent gate.
 32111 | Elf:2    | Found a runed translucent gate.
 32112 | Elf:2    | Found a runed translucent gate.
 32196 | Elf:2    | Identified the +1 shortbow "Lacertilianbane" {antimagic,
                  | rC+ Dex+5}
 32640 | Elf:2    | HP: 23/114 [deep elf knight/shard of ice (24)]
 32654 | Elf:2    | Reached skill level 16 in Short Blades
 32664 | Elf:2    | HP: 23/114 [deep elf zephyrmancer/bolt of lightning (16)]
 32714 | Elf:2    | Reached skill level 13 in Dodging
 33009 | Elf:3    | Entered Level 3 of the Elven Halls
 33414 | Elf:3    | Found Maammum's Jewellery Emporium.
 33756 | Elf:3    | Identified the +3 morningstar "Duzesoit" {drain, +Blink rC-
                  | rCorr SInv}
 34056 | Elf:3    | Reached skill level 16 in Fighting
 34239 | Elf:3    | HP: 28/114 [deep elf annihilator/bolt of lightning (12)]
 34301 | Elf:3    | Identified the +8 short sword of Responsibility {flame,
                  | Str+5}
 34360 | Elf:3    | Identified the +6 shortbow of Perfectionism {heavy, Str+4}
 34368 | Elf:3    | Identified the ring "Jyexym Asirph" {Ice Str+4}
 34477 | Elf:3    | Reached skill level 15 in Armour
 34512 | Elf:3    | Identified the ring "Vyadatri" {rF+ rCorr}
 34519 | Elf:3    | Identified the ring "Lerext" {rElec rF+ Will+ Slay+2}
 34544 | Elf:3    | Reached XP level 21. HP: 76/119 MP: 34/34
 34616 | Elf:3    | Got the Spellbook of Nightshade
 34619 | Elf:3    | Identified the staff of air "Renuecs" {rElec Dex+3}
 34623 | Elf:3    | Got the Lessons on Doomed Transition
 34644 | Elf:3    | Got the Folio of the Birds and Effluvium
 34676 | Elf:3    | Got Sif Muna's Codex of Infected Hexing
 34686 | Elf:3    | Got the Quarto of Incendiary Command
 34697 | Elf:3    | Identified the ring of Awixzijey {rCorr Int+3}
 35148 | Vaults:1 | Entered Level 1 of the Vaults
 35186 | Vaults:1 | Noticed Donald
 35197 | Vaults:1 | HP: 28/119 [yaktaur (4)]
 35202 | Vaults:1 | HP: 21/119 [Donald/+1 heavy long sword (10)]
 35203 | Vaults:1 | Killed Donald
 35351 | Vaults:1 | Reached skill level 17 in Invocations
 36483 | Vaults:2 | Found a crumbling gateway.
 36505 | Desolati | Entered the Desolation of Salt
 36520 | Desolati | Reached skill level 14 in Dodging
 36551 | Desolati | Reached skill level 17 in Short Blades
 36577 | Desolati | Killed from afar by a halazid warlock

Illustrated notes

Levels and vault maps discovered:
D:1:      amcnicky_arrival_choice, layout_loops_ring, serial_rivers,
          chequers_serial_rivers_large_a, chequers_serial_rivers_micro_a,
          chequers_serial_rivers_small_3, chequers_serial_rivers_micro_d,
          chequers_serial_rivers_room_b
D:2:      layout_basic, serial_shops, nicolae_shop_bloodbath_and_beyond
D:3:      layout_basic, amethyst_overflow_temple_binary, minmay_rat_hole,
          uniq_jessica
D:4:      layout_cave_pools, nicolae_nh_oracle_at_delphi
D:5:      corexii_shack_village, layout_loops_ring,
          gammafunk_temple_overflow_pools, minmay_temple_entry_overgrown
D:6:      layout_loops_corners, zin_statuary, serial_rivers,
          chequers_serial_rivers_marsh, chequers_serial_rivers_room_a,
          chequers_serial_rivers_micro_a, chequers_serial_rivers_micro_c,
          chequers_serial_rivers_micro_e, uniq_grinder
D:7:      layout_basic, fedhas_ov_isle_minmay, overflow_temple_1_default,
          tso_oasis_becter, serial_shops, nicolae_shop_hallway_plus, shop,
          nicolae_take_the_stairs, dreamdust_gnoll_shepherd,
          uniq_crazy_yiuf_cottage, uniq_maggie
D:8:      layout_cave_pools, ebering_ghost_xom, uniq_grum
D:9:      layout_irregular_city, serial_co_window_serial, co_window_paths_a,
          co_window_paths_a, co_window_of_opportunity_a, co_window_paths_a,
          co_window_paths_b, co_window_corner_cb, co_window_unsneaky_path_e,
          co_window_2corner, co_window_broadway_c, co_window_of_opportunity_c,
          co_window_4corner_a, glass_columns_c, glass_columns_a,
          glass_columns_a, glass_columns_b
D:10:     layout_loops_cross, hellmonk_lair_entry_icy, serial_shops,
          nicolae_shop_statue_plus, hex_medium
D:11:     layout_layer_cave, david_orc_2
D:12:     layout_irregular_city
D:13:     layout_rooms, grunt_vaults_entry_tiered,
          portal_ice_cave_entry_ice_simulacra
D:14:     layout_big_octagon, minivault_19, nicolae_shop_self_help
D:15:     gammafunk_depths_entry_grave, layout_basic, enter_trove_6
Temple:   eino_temple_water
Lair:1:   layout_roguey, enter_volcano_4, lemuel_fruit_tree,
          serial_bayou_shore_b, serial_bayou_shore_b, grunt_megastairs_2,
          infiniplex_staircase_pool, uniq_amaemon
Lair:2:   layout_gridlike, elwin_shoals_entry_stream,
          chequers_serial_rivers_micro_b, grunt_megastairs_5
Lair:3:   layout_hall_layers, dummy_snake_entry, hangedman_tree_tricks
Lair:4:   dragon1_lemuel, layout_regular_city, st_stairs_8
Lair:5:   grunt_lair_end_beastmaster, layout_regular_city, slime_entry_1
Shoals:1: layout_shoals, nicolae_shoals_enchanted_isle, uniq_nikola
Shoals:2: layout_shoals, nicolae_shoals_kraken_party, uniq_polyphemus,
          uniq_ilsuiw
Shoals:3: layout_shoals, serial_shops, shop
Shoals:4: shoals_end_hangedman, layout_shoals, serial_shops,
          nicolae_shop_gaudy_bauble, nicolae_shop_pleasant_corner_grove,
          nicolae_shop_trees, shop, uniq_kirke, uniq_mara, uniq_bai_suzhen
Snake:1:  layout_chambers, uniq_jorgrun
Snake:2:  layout_onion, serial_bayou_crossing, grunt_megastairs_4
Snake:3:  layout_misc_corridors, serial_bayou_shore_a, minmay_shop_grove
Snake:4:  snake_pit, layout_onion_interference, nicolae_triple_integral,
          serial_bayou_shore_b
Orc:1:    layout_diamond_mine
Orc:2:    grunt_orc_tribal_feast, layout_diamond_mine, lightli_church_of_beogh
Elf:1:    minmay_elf_arrival_plus, layout_loops_cross, serial_sigils,
          serial_sigils_hangedman_etch, serial_sigils_hangedman_stare,
          serial_sigils_hangedman_gnaw, serial_sigils_hangedman_quiver,
          serial_sigils_hangedman_scar, serial_sigils_hangedman_quiver
Elf:2:    nicolae_elf_blades_splatter_lattice [infiniplex_blade_entry_pillars],
          layout_loops_cross, serial_shops, nicolae_shop_real_fake_doors,
          billiards_dpeg
Elf:3:    grunt_elf_hall_branching, layout_geoelf_castle, serial_shops, shop,
          guppyfry_library_mini
Vaults:1: v_rooms_6, hangedman_vaults_variations, v_pattern_3,
          hangedman_vaults_pinch, nicolae_vaults_six-pack,
          nicolae_vaults_little_squares_3, nicolae_vaults_house_1,
          hangedman_vaults_cutoff, vaults_room_door_ring, v_misc_19,
          nicolae_vaults_statue_guard, nicolae_vaults_tetromino_L_2,
          nicolae_vaults_trapezoid_lopsided_3, nicolae_vaults_trapezoid_1,
          nicolae_vaults_tangram_1, serial_ice_b, layout_vaults_omnicross,
          uniq_donald
Vaults:2: portal_desolation_entry_salt, hangedman_vaults_locks,
          vaults_room_grunt_arrival_checkpoint,
          minmay_crypt_entry_simple_sparse, nicolae_vaults_oval_intersection,
          vaults_room_semicircle, nicolae_vaults_specimen_jars,
          nicolae_vaults_yaktaur_gun_rack, v_misc_31,
          ontoclasm_vaults_loading_screen, nicolae_vaults_wrenched,
          nicolae_vaults_crenellated_ambush,
          nicolae_vaults_trapezoid_lopsided_3, layout_vaults_ring, uniq_mennas,
          uniq_zenata
Desolation

Skill      XL: |  1  2  3  4  5  6  7  8  9 10 11 12 13 14 15 16 17 18 19 20 21 |
---------------+----------------------------------------------------------------+-----
Short Blades   | 2 3 4 6 7 8 9 10 11 12 13 14 15 16 17 | 17.0
Fighting       | 3 4 5 6 7 9 10 11 12 13 14 15 16 | 16.7
Armour         | 3 4 5 6 7 8 9 10 11 12 13 14 15 | 15.5
Invocations    | 2 4 6 8 9 10 11 12 13 14 15 16 17 | 17.4
Dodging        | 2 4 5 7 8 9 10 11 12 13 14 | 14.0
Shields        | |  2.9

Action                     |  1- 3 |  4- 6 |  7- 9 | 10-12 | 13-15 | 16-18 | 19-21 || total
---------------------------+-------+-------+-------+-------+-------+-------+-------++-------
  Melee: Rapier            |    78 |       |       |       |       |       |       ||    78
         Bite              |    26 |    68 |    92 |   126 |   386 |   562 |   609 ||  1869
         Dagger            |    18 |   243 |   166 |       |       |       |       ||   427
         Pair of quick bla |       |       |    83 |   347 |   920 |  1209 |  1314 ||  3873
  Throw: Stone             |    18 |    29 |    36 |       |       |       |       ||    83
         Javelin           |    20 |     4 |       |       |       |       |       ||    24
 Invoke: Grand Finale      |       |       |       |       |       |     4 |     2 ||     6
         Stomp             |       |       |       |       |       |     6 |     5 ||    11
         Line Pass         |       |       |       |       |       |     1 |     1 ||     2
  Evoke: Wand              |       |       |       |       |    12 |       |     4 ||    16
    Use: Scroll            |       |       |    17 |     8 |     5 |     3 |     9 ||    42
         Potion            |       |       |       |       |       |       |     8 ||     8
   Stab: Paralysed         |       |       |     3 |    46 |   107 |   104 |   118 ||   378
         Petrified         |       |       |       |       |       |     2 |       ||     2
 Armour: Scale mail        |    22 |    32 |       |       |       |       |       ||    54
         Ring mail         |       |    32 |    33 |       |       |       |       ||    65
         Chain mail        |       |       |    10 |    78 |       |       |       ||    88
         Plate armour      |       |       |       |    19 |   272 |   418 |   406 ||  1115
  Dodge: Dodged            |    42 |    60 |    50 |    76 |   221 |   388 |   358 ||  1195
  Block: Buckler           |    11 |    30 |    11 |       |       |       |       ||    52

Levels and vault maps discovered:
D:1:      amcnicky_arrival_choice, layout_loops_ring, serial_rivers,
          chequers_serial_rivers_large_a, chequers_serial_rivers_micro_a,
          chequers_serial_rivers_small_3, chequers_serial_rivers_micro_d,
          chequers_serial_rivers_room_b
D:2:      layout_basic, serial_shops, nicolae_shop_bloodbath_and_beyond
D:3:      layout_basic, amethyst_overflow_temple_binary, minmay_rat_hole,
          uniq_jessica
D:4:      layout_cave_pools, nicolae_nh_oracle_at_delphi
D:5:      corexii_shack_village, layout_loops_ring,
          gammafunk_temple_overflow_pools, minmay_temple_entry_overgrown
D:6:      layout_loops_corners, zin_statuary, serial_rivers,
          chequers_serial_rivers_marsh, chequers_serial_rivers_room_a,
          chequers_serial_rivers_micro_a, chequers_serial_rivers_micro_c,
          chequers_serial_rivers_micro_e, uniq_grinder
D:7:      layout_basic, fedhas_ov_isle_minmay, overflow_temple_1_default,
          tso_oasis_becter, serial_shops, nicolae_shop_hallway_plus, shop,
          nicolae_take_the_stairs, dreamdust_gnoll_shepherd,
          uniq_crazy_yiuf_cottage, uniq_maggie
D:8:      layout_cave_pools, ebering_ghost_xom, uniq_grum
D:9:      layout_irregular_city, serial_co_window_serial, co_window_paths_a,
          co_window_paths_a, co_window_of_opportunity_a, co_window_paths_a,
          co_window_paths_b, co_window_corner_cb, co_window_unsneaky_path_e,
          co_window_2corner, co_window_broadway_c, co_window_of_opportunity_c,
          co_window_4corner_a, glass_columns_c, glass_columns_a,
          glass_columns_a, glass_columns_b
D:10:     layout_loops_cross, hellmonk_lair_entry_icy, serial_shops,
          nicolae_shop_statue_plus, hex_medium
D:11:     layout_layer_cave, david_orc_2
D:12:     layout_irregular_city
D:13:     layout_rooms, grunt_vaults_entry_tiered,
          portal_ice_cave_entry_ice_simulacra
D:14:     layout_big_octagon, minivault_19, nicolae_shop_self_help
D:15:     gammafunk_depths_entry_grave, layout_basic, enter_trove_6
Temple:   eino_temple_water
Lair:1:   layout_roguey, enter_volcano_4, lemuel_fruit_tree,
          serial_bayou_shore_b, serial_bayou_shore_b, grunt_megastairs_2,
          infiniplex_staircase_pool, uniq_amaemon
Lair:2:   layout_gridlike, elwin_shoals_entry_stream,
          chequers_serial_rivers_micro_b, grunt_megastairs_5
Lair:3:   layout_hall_layers, dummy_snake_entry, hangedman_tree_tricks
Lair:4:   dragon1_lemuel, layout_regular_city, st_stairs_8
Lair:5:   grunt_lair_end_beastmaster, layout_regular_city, slime_entry_1
Shoals:1: layout_shoals, nicolae_shoals_enchanted_isle, uniq_nikola
Shoals:2: layout_shoals, nicolae_shoals_kraken_party, uniq_polyphemus,
          uniq_ilsuiw
Shoals:3: layout_shoals, serial_shops, shop
Shoals:4: shoals_end_hangedman, layout_shoals, serial_shops,
          nicolae_shop_gaudy_bauble, nicolae_shop_pleasant_corner_grove,
          nicolae_shop_trees, shop, uniq_kirke, uniq_mara, uniq_bai_suzhen
Snake:1:  layout_chambers, uniq_jorgrun
Snake:2:  layout_onion, serial_bayou_crossing, grunt_megastairs_4
Snake:3:  layout_misc_corridors, serial_bayou_shore_a, minmay_shop_grove
Snake:4:  snake_pit, layout_onion_interference, nicolae_triple_integral,
          serial_bayou_shore_b
Orc:1:    layout_diamond_mine
Orc:2:    grunt_orc_tribal_feast, layout_diamond_mine, lightli_church_of_beogh
Elf:1:    minmay_elf_arrival_plus, layout_loops_cross, serial_sigils,
          serial_sigils_hangedman_etch, serial_sigils_hangedman_stare,
          serial_sigils_hangedman_gnaw, serial_sigils_hangedman_quiver,
          serial_sigils_hangedman_scar, serial_sigils_hangedman_quiver
Elf:2:    nicolae_elf_blades_splatter_lattice [infiniplex_blade_entry_pillars],
          layout_loops_cross, serial_shops, nicolae_shop_real_fake_doors,
          billiards_dpeg
Elf:3:    grunt_elf_hall_branching, layout_geoelf_castle, serial_shops, shop,
          guppyfry_library_mini
Vaults:1: v_rooms_6, hangedman_vaults_variations, v_pattern_3,
          hangedman_vaults_pinch, nicolae_vaults_six-pack,
          nicolae_vaults_little_squares_3, nicolae_vaults_house_1,
          hangedman_vaults_cutoff, vaults_room_door_ring, v_misc_19,
          nicolae_vaults_statue_guard, nicolae_vaults_tetromino_L_2,
          nicolae_vaults_trapezoid_lopsided_3, nicolae_vaults_trapezoid_1,
          nicolae_vaults_tangram_1, serial_ice_b, layout_vaults_omnicross,
          uniq_donald
Vaults:2: portal_desolation_entry_salt, hangedman_vaults_locks,
          vaults_room_grunt_arrival_checkpoint,
          minmay_crypt_entry_simple_sparse, nicolae_vaults_oval_intersection,
          vaults_room_semicircle, nicolae_vaults_specimen_jars,
          nicolae_vaults_yaktaur_gun_rack, v_misc_31,
          ontoclasm_vaults_loading_screen, nicolae_vaults_wrenched,
          nicolae_vaults_crenellated_ambush,
          nicolae_vaults_trapezoid_lopsided_3, layout_vaults_ring, uniq_mennas,
          uniq_zenata
Desolation

Table legend: (Time is in decaauts)
 A = Elapsed time spent in this place.
 B = Non-inter-level travel time spent in this place.
 C = Inter-level travel time spent in this place.
 D = Time resting spent in this place.
 E = Time spent auto-exploring this place.
 F = Levels seen in this place.
 G = Mean time per level.
                   A        B        C        D        E       F      G
               +--------+--------+--------+--------+--------+-----+--------+
         Total |  33744 |  29519 |   4225 |    605 |  23706 |  39 |  865.2 |
       Dungeon |  13815 |  12155 |   1660 |    241 |  10301 |  15 |  921.0 |
        Temple |     55 |     48 |      7 |      0 |     34 |   1 |   55.0 |
          Lair |   4671 |   4043 |    628 |      0 |   3484 |   5 |  934.2 |
        Shoals |   4193 |   4028 |    165 |    183 |   2964 |   4 | 1048.2 |
     Snake Pit |   3553 |   3247 |    306 |    162 |   2578 |   4 |  888.2 |
  Orcish Mines |   1688 |   1043 |    645 |      0 |    856 |   2 |  844.0 |
   Elven Halls |   3743 |   2940 |    803 |     19 |   2031 |   3 | 1247.7 |
        Vaults |   1155 |   1146 |      9 |      0 |    918 |   2 |  577.5 |
      Ice Cave |    347 |    347 |      0 |      0 |    212 |   1 |  347.0 |
       Volcano |    481 |    481 |      0 |      0 |    318 |   1 |  481.0 |
    Desolation |     37 |     37 |      0 |      0 |      8 |   1 |   37.0 |
               +--------+--------+--------+--------+--------+-----+--------+

Top non-repeatable levels by time:
   Elf:3: 1632 daAuts
    D:11: 1626 daAuts
Shoals:4: 1355 daAuts
     D:2: 1316 daAuts
 Snake:1: 1311 daAuts
   Orc:2: 1187 daAuts
   Elf:2: 1185 daAuts
     D:7: 1156 daAuts
     D:5: 1102 daAuts
     D:1: 1087 daAuts
Vaults:1: 1036 daAuts
Shoals:2: 1022 daAuts
  Lair:3: 1009 daAuts
  Lair:2: 1007 daAuts
     D:9: 979 daAuts

Table legend:
 A = Kills in this place as a percentage of kills in the entire game.
 B = Kills by you in this place as a percentage of kills by you in the entire game.
 C = Kills by friends in this place as a percentage of kills by friends in the entire game.
 D = Other kills in this place as a percentage of other kills in the entire game.
 E = Experience gained in this place as a percentage of experience gained in the entire game.
 F = Experience gained in this place divided by the number of levels of this place that you have seen.
                   A       B       C       D       E      F
               +-------+-------+-------+-------+-------+----------------------
         Total | 100.0 | 100.0 | 100.0 | 100.0 | 100.0 | 14508.6
       Dungeon |  28.0 |  28.2 |   0.0 |   0.0 |  10.8 | 4083.4
          Lair |  12.0 |  12.0 | 100.0 |   0.0 |  10.7 | 12096.2
        Shoals |  15.8 |  15.8 |   0.0 |  16.7 |  22.1 | 31236.0
     Snake Pit |  11.5 |  11.3 |   0.0 |  50.0 |  15.8 | 22395.0
  Orcish Mines |   8.3 |   8.3 |   0.0 |   0.0 |   2.9 | 8201.5
   Elven Halls |  12.9 |  12.9 |   0.0 |  16.7 |  22.9 | 43222.7
        Vaults |   6.3 |   6.3 |   0.0 |   0.0 |  10.2 | 28805.5
      Ice Cave |   1.8 |   1.8 |   0.0 |   0.0 |   1.2 | 6588.0
       Volcano |   2.0 |   2.0 |   0.0 |   0.0 |   1.6 | 8841.0
    Desolation |   1.5 |   1.4 |   0.0 |  16.7 |   1.9 | 10469.0
               +-------+-------+-------+-------+-------+----------------------
